 Dungeon Crawl Stone Soup version 0.29.1-12-g30fa7ad0bf (webtiles) character file.

Game seed: 5316956027123797849

3405 booth the Cutter (level 9, 0/70 HPs)
             Began as a Purple Draconian Transmuter on Jan 10, 2023.
             Was an Elder of Qazlal.
             Slain by a yak (14 damage)
             ... on level 9 of the Dungeon.
             The game lasted 01:10:58 (7377 turns).

booth the Cutter (Purple Draconian Transmuter)      Turns: 7377, Time: 01:10:58

Health: 0/70       AC:  9    Str: 14    XL:     9   Next: 75%
Magic:  15/16      EV: 17    Int: 17    God:    Qazlal [****..]
Gold:   305        SH:  5    Dex: 11    Spells: 10/18 levels left

rFire   . . .      SeeInvis .   G - +2 hand axe (flame)
rCold   . . .      Faith    .   (no shield)
rNeg    . . .      Spirit   .   (body armour unavailable)
rPois   .          Reflect  .   (helmet currently unavailable)
rElec   .          Harm     .   (no cloak)
rCorr   .          Rampage  .   y - +1 Delatra's gloves {ID++}
Will    ++...                   (boots currently unavailable)
Stlth   +.........              (no amulet)
HPRegen 0.21/turn               f - +4 ring of evasion
MPRegen 0.15/turn               C - ring of willpower

@: appendages, wereblooded, repel missiles
A: horns 2, talons 2, breathe power, AC +7, unfitting armour, cold-blooded
a: Breathe Dispelling Energy, End Transformation, Renounce Religion, Upheaval,
Elemental Force


You were on level 9 of the Dungeon.
You worshipped Qazlal.
Qazlal was greatly pleased with you.
You had temporarily grown beastly horns and talons.
You visited 1 branch of the dungeon, and saw 10 of its levels.

You collected 580 gold pieces.
You spent 275 gold pieces at shops.

Inventory:

Hand Weapons
 l - a +2 short sword of protection
 A - a +0 war axe
 B - a +0 mace of protection
 G - a +2 hand axe of flaming (weapon)
 H - a +2 antimagic flail
Missiles
 g - 19 poisoned darts (quivered)
 w - 6 curare-tipped darts
 E - 14 boomerangs
 F - a throwing net
Armour
 y - the +1 Delatra's gloves (worn) {ID++}
   (You found it on level 5 of the Dungeon)

   It heals its wearer when they drink unknown potions.
   It restores its wearer's MP when they read unknown scrolls.
 D - a +2 pair of boots (melded)
 J - an orb of energy
Jewellery
 f - a +4 ring of evasion (left hand)
 j - an amulet of faith
 n - a +6 ring of strength
 s - a ring of magical power
 t - a ring of resist corrosion
 C - a ring of willpower (right hand)
Wands
 v - a wand of flame (26)
 x - a wand of iceblast (18)
Scrolls
 c - a scroll of vulnerability
 k - 2 scrolls of fear
 o - a scroll of enchant armour
 r - 4 scrolls of teleportation
 u - a scroll of summoning {unknown}
 z - 2 scrolls of identify
Potions
 a - a potion of lignification
 b - 3 potions of haste
 d - 2 potions of might
 e - 2 potions of brilliance
 h - 4 potions of flight
 i - 3 potions of curing
 m - 4 potions of cancellation
 p - 2 potions of magic
 q - a potion of heal wounds
 I - a potion of ambrosia {unknown}


   Skills:
 + Level 3.3 Fighting
 - Level 6.1 Short Blades
 * Level 4.1 Axes
 + Level 0.2 Throwing
 + Level 4.4 Dodging
 + Level 2.4 Shields
 - Level 3.5 Unarmed Combat
 + Level 5.3 Spellcasting
 * Level 5.6 Transmutations
 * Level 4.5 Earth Magic
 * Level 5.0 Invocations


You had 10 spell levels left.
You knew the following spells:

 Your Spells              Type           Power      Damage    Failure   Level
a - Beastly Appendage     Tmut           46%        N/A       1%          1
b - Wereblood             Tmut           23%        N/A       1%          2
c - Passwall              Tmut/Erth      17%        N/A       2%          2
d - Spider Form           Tmut/Pois      14%        N/A       13%         3

Your spell library contained the following spells:

 Spells                   Type           Power      Damage    Failure   Level
 Magic Dart               Conj           16%        1d3       14%         1
 Ensorcelled Hibernation  Hex/Ice        8%         N/A       22%         2
 Poisonous Vapours        Pois/Air       8%         N/A       22%         2
 Searing Ray              Conj           8%         2d4       22%         2
 Static Discharge         Conj/Air       4%         3-4/arc   22%         2
 Gell's Gravitas          Tloc           4%         N/A       38%         3
 Lesser Beckoning         Tloc           4%         N/A       38%         3
 Summon Guardian Golem    Hex/Summ       4%         N/A       38%         3
 Swiftness                Air            4%         N/A       38%         3
 Teleport Other           Tloc           4%         N/A       38%         3
 Ice Form                 Ice/Tmut       14%        N/A       41%         4
 Corpse Rot               Necr/Pois/Air  4%         N/A       80%         4
 Dispel Undead            Necr           4%         3d7       80%         4
 Fulminant Prism          Conj/Hex       2%         3d6       80%         4
 Sticky Flame             Conj/Fire      4%         2d3       80%         4
 Orb of Destruction       Conj           2%         9d5       100%        7
 Spellforged Servitor     Conj/Summ      2%         N/A       100%        7


Dungeon Overview and Level Annotations

Branches:
Dungeon (10/15)            Temple (0/1) D:7
   Lair: D:8-11         Orc: D:9-12

Altars:
Dithmenos
Elyvilon
Gozag
Nemelex Xobeh
Okawaru
Qazlal
Sif Muna
Wu Jian

Shops:
D:1 =


Innate Abilities, Weirdness & Mutations

You have temporarily grown beastly horns and talons.
You can breathe bolts of dispelling energy.
Your rich purple scales are hard. (AC +7)
You cannot fit into any form of body armour.
You are cold-blooded and may be slowed by cold attacks.


Message History

The yak is lightly wounded.
You barely miss the yak. The yak gores you! The yak completely misses you.
A yak comes into view.
You barely miss the yak. Your kick misses the yak.
Your tail-slap misses the yak.
The yak is lightly wounded.
You hit the yak. You burn the yak. The yak closely misses you.
The yak barely misses you.
You hit the yak. You burn the yak.
You tail-slap the yak, but do no damage.
The yak is moderately wounded.
You barely miss the yak. The yak gores you. The yak gores you!
You hit the yak but do no damage.
The yak is moderately wounded.
You closely miss the yak. You block the yak's attack. The yak gores you.
You block the yak's attack.
You closely miss the yak. You claw the yak, but do no damage.
Your tail-slap misses the yak.
The yak is moderately wounded.
You hit the yak. You burn the yak. You barely miss the yak.
You block the yak's attack. The yak gores you!
You hit the yak. You burn the yak.
The yak is moderately wounded.
You hit the yak. You burn the yak. You hit the yak. You burn the yak.
You hit the yak. You burn the yak. The yak misses you. The yak gores you!
The yak closely misses you. x2; The yak completely misses you. x2
The yak misses you. The yak completely misses you.
You hit the yak. You burn the yak. You claw the yak, but do no damage.
The yak is heavily wounded.
You hit the yak. You burn the yak. You hit the yak but do no damage.
You barely miss the yak. The yak closely misses you.
The yak gores you but does no damage. The yak misses you.
The yak barely misses you.
You hit the yak. You burn the yak. You punch the yak, but do no damage.
The yak is moderately wounded.
You hit the yak. You burn the yak. You barely miss the yak. You hit the yak.
You burn the yak. The yak gores you!
* * * LOW HITPOINT WARNING * * *
The yak gores you!
You die...

....... ..... ..... ...# #..#
#°.# #YY####### #####
###############Y@Y○..... .......
................°................
.........###############.........
#######..# #......... #..#
#......... #..# #......... #..#
#......... ######..# #.........
........###############.........


You could see 4 yaks.

Vanquished Creatures
  5 yaks
  2 water moccasins
  2 orc warriors
  4 black bears
  3 ice beasts
  An ogre (D:7)
  2 phantoms
  A necrophage (D:6)
  2 bullfrogs
  2 scorpions (D:6)
  3 howler monkeys
  5 jellies
  3 gnoll boudas
  5 orc priests
  A hound (D:6)
  2 iguanas
  Jessica (D:3)
  6 orc wizards
  12 gnolls
  8 adders
  A shadow imp (D:7)
  2 white imps (D:7)
  2 worms
  3 dart slugs
  31 orcs
  6 bats
  5 endoplasms
  8 giant cockroaches
  3 goblins
  8 hobgoblins
  6 jackals
  6 kobolds
  A quokka (D:3)
  6 ball pythons
  6 rats
164 creatures vanquished.

Vanquished Creatures (others)
  5 fungi (D:10)
  27 plants
32 creatures vanquished.

Grand Total: 196 creatures vanquished

Notes
Turn   | Place    | Note
-------+----------+-------------------------------------------
     0 | D:1      | booth the Draconian Transmuter began the quest for the Orb.
     0 | D:1      | Reached XP level 1. HP: 16/16 MP: 3/3
   245 | D:1      | Reached XP level 2. HP: 23/23 MP: 3/5
   591 | D:1      | Found a faded altar of an unknown god.
   602 | D:1      | Prayed at the altar of an unknown god.
   602 | D:1      | Became a worshipper of Qazlal Stormbringer
   602 | D:1      | Reached * piety under Qazlal
   822 | D:1      | Found Pefaxoec's Jewellery Boutique.
   962 | D:2      | Reached XP level 3. HP: 18/28 MP: 4/6
  1118 | D:2      | Reached skill level 1 in Short Blades
  1166 | D:2      | Learned a level 2 spell: Wereblood
  1169 | D:2      | Learned a level 2 spell: Passwall
  1506 | D:2      | Reached ** piety under Qazlal
  1703 | D:2      | Reached XP level 4. HP: 28/35 MP: 7/7
  1966 | D:3      | Reached skill level 1 in Invocations
  2206 | D:3      | Noticed Jessica
  2228 | D:3      | Killed Jessica
  2229 | D:3      | Reached skill level 2 in Short Blades
  2287 | D:3      | Reached XP level 5. HP: 40/40 MP: 8/8
  2291 | D:3      | Learned a level 3 spell: Spider Form
  2939 | D:4      | Found an opulent altar of Gozag.
  3144 | D:4      | Noticed a phantom
  3161 | D:4      | Killed a phantom
  3162 | D:4      | Reached skill level 3 in Short Blades
  3162 | D:4      | Reached XP level 6. HP: 44/47 MP: 10/10
  3314 | D:5      | Entered Level 5 of the Dungeon
  3372 | D:5      | Reached skill level 1 in Earth Magic
  3807 | D:5      | Found the +1 Delatra's gloves {ID++}
  3813 | D:5      | Noticed a water moccasin
  3823 | D:5      | Killed a water moccasin
  3824 | D:5      | Reached skill level 1 in Shields
  3894 | D:5      | Your scales start taking on a rich purple colour.
  3894 | D:5      | Reached XP level 7. HP: 41/53 MP: 12/12
  4099 | D:5      | Found an iron altar of Okawaru.
  4146 | D:5      | Reached *** piety under Qazlal
  4211 | D:5      | Reached skill level 4 in Short Blades
  4254 | D:5      | Found a white marble altar of Elyvilon.
  4310 | D:5      | Found a shimmering blue altar of Sif Muna.
  4559 | D:6      | Reached XP level 8. HP: 50/61 MP: 14/14
  4632 | D:6      | Found a sparkling altar of Nemelex Xobeh.
  4643 | D:6      | Reached skill level 5 in Short Blades
  4644 | D:6      | Found an ornate altar of the Wu Jian Council.
  5038 | D:1      | Bought a ring of willpower for 275 gold pieces
  5616 | D:7      | Reached skill level 6 in Short Blades
  5826 | D:7      | Found a staircase to the Ecumenical Temple.
  5834 | D:7      | Reached XP level 9. HP: 23/68 MP: 15/15
  6450 | D:7      | Reached **** piety under Qazlal
  6456 | D:7      | Reached skill level 1 in Axes
  6907 | D:8      | Reached skill level 5 in Transmutations
  7126 | D:8      | You fall into a shaft and drop 2 floors!
  7126 | D:10     | Entered Level 10 of the Dungeon
  7214 | D:10     | Reached skill level 5 in Spellcasting
  7279 | D:10     | Found a shadowy altar of Dithmenos.
  7303 | D:9      | Reached skill level 5 in Invocations
  7377 | D:9      | Slain by a yak

Illustrated notes

Levels and vault maps discovered:
D:1:      dpeg_arrival_rooms_b, layout_basic, serial_shops,
          nicolae_shop_statue_plus, shapermc_ecumenical_altar_flowoftime,
          minmay_pentomino_z4
D:2:      minmay_alternating_diamond, layout_rooms, skrybe_limestone_x,
          minmay_circled_x
D:3:      layout_rooms, grunt_decor_junction, uniq_jessica
D:4:      layout_rooms, mainiacjoe_overflow_alcove_4, serial_bayou_pond_b,
          serial_bayou_pond_a
D:5:      layout_rooms, nicolae_sif_muna_little_library,
          mainiacjoe_overflow_chevrons, mainiacjoe_overflow_alcove_1
D:6:      layout_rooms, jmf_multi_god_temple
D:7:      layout_loops_cross, minmay_temple_entry_ruins
D:8:      layout_basic
D:9:      layout_long_grid, nicolae_ru_awakened_eye, minmay_evil_grid
D:10:     layout_rooms, eat_drink_and_be_merry_uskayaw,
          mainiacjoe_overflow_tiny_flanked, grunt_lair_entry_orc_guard_hut,
          serial_bayou_lagoon_b, uniq_erolcha

Skill      XL: |  1  2  3  4  5  6  7  8  9 |
---------------+----------------------------+-----
Short Blades   | 1 2 3 4 6 |  6.1
Dodging        | 2 3 4 |  4.4
Invocations    | 1 2 3 4 5 |  5.0
Transmutations | 3 4 5 |  5.6
Earth Magic    | 1 2 3 4 |  4.5
Shields        | 1 2 |  2.4
Spellcasting   | 3 4 5 |  5.3
Fighting       | 2 3 |  3.3
Axes           | 4 |  4.1
Throwing       | |  0.2
Unarmed Combat | |  3.5

Action                   |  1- 3 |  4- 6 |  7- 9 || total
-------------------------+-------+-------+-------++-------
Melee: Unarmed           |    19 |       |       ||    19
       Headbutt          |    12 |    11 |    55 ||    78
       Kick              |    10 |    30 |    85 ||   125
       Short sword       |    80 |   149 |   217 ||   446
       Tailslap          |     5 |    20 |    57 ||    82
       Punch             |     1 |     2 |     6 ||     9
       Hand axe          |       |       |   150 ||   150
Throw: Dart              |     1 |     2 |     7 ||    10
 Cast: Beastly Appendage |    19 |    18 |    28 ||    65
       Wereblood         |       |     1 |    15 ||    16
Invok: Upheaval          |       |       |     1 ||     1
  Use: Scroll            |     6 |     6 |     4 ||    16
       Potion            |       |     2 |     2 ||     4
Armor: Skin              |    43 |    50 |   158 ||   251
Dodge: Dodged            |    71 |   110 |   318 ||   499
Block: Other             |     9 |    22 |    77 ||   108
